 Dungeon Crawl Stone Soup version 0.20.1-1-g8b1a95d (webtiles) character file.

80 froobite the Skirmisher (level 4, -1/41 HPs)
             Began as a Minotaur Berserker on July 31, 2017.
             Was a Believer of Trog.
             Slain by Grinder (5 damage)
             ... on level 3 of the Dungeon.
             The game lasted 00:06:59 (1582 turns).

froobite the Skirmisher (Minotaur Berserker)        Turns: 1582, Time: 00:06:59

Health: -1/41      AC:  3    Str: 21    XL:     4   Next: 18%
Magic:  3/3        EV: 12    Int:  5    God:    Trog [**....]
Gold:   143        SH:  0    Dex: 10    Spells: 3/3 levels left

rFire    . . .     SeeInvis .   a - +0 falchion
rCold    . . .     Gourm    .   (no shield)
rNeg     . . .     Faith    .   q - +0 leather armour
rPois    .         Spirit   .   (helmet restricted)
rElec    .         Reflect  .   (no cloak)
rCorr    .         Harm     .   (no gloves)
MR       .....                  (no boots)
Stlth    +.........             (no amulet)
Regen    0.2/turn               (no ring)
MPRegen  0.1/turn               (no ring)

@: no status effects
A: retaliatory headbutt, horns 2
a: Berserk, Trog's Hand, Burn Spellbooks, Renounce Religion


You were on level 3 of the Dungeon.
You worshipped Trog.
Trog was pleased with you.
You were hungry.

You visited 1 branch of the dungeon, and saw 3 of its levels.

You collected 143 gold pieces.

Inventory:

Hand Weapons
 a - a +0 falchion (weapon)
Armour
 b - a +0 animal skin
 q - a +0 leather armour (worn)
Jewellery
 f - an uncursed ring of fire {unknown}
 k - an uncursed ring of protection from fire {unknown}
 m - a cursed ring of loudness {unknown}
 o - an uncursed ring of fire {unknown}
Scrolls
 i - a scroll of recharging {unknown}
Potions
 d - a potion of curing
 j - a potion of mutation {unknown}
 l - a potion of flight {unknown}
 n - a potion of invisibility {unknown}
Comestibles
 c - 2 bread rations
 g - 2 royal jellies
 h - a meat ration


   Skills:
 + Level 4.6 Fighting
 + Level 4.6 Long Blades
 + Level 2.8 Armour
 + Level 2.8 Dodging
 + Level 0.3 Stealth


You had 3 spell levels left.
You didn't know any spells.

Dungeon Overview and Level Annotations

Branches:
Dungeon (3/15)

Altars:
Makhleb
Okawaru

Annotations:
D:3 Grinder


Innate Abilities, Weirdness & Mutations

You reflexively headbutt those who attack you in melee.
You have a pair of horns on your head.


Message History

You barely miss Grinder.
Grinder is lightly wounded.
Grinder hits you.
You writhe in agony.
Grinder gestures at you. You resist with significant effort.
You hit Grinder but do no damage.
Grinder is lightly wounded.
Grinder gestures at you. Pain shoots through your body!
You closely miss Grinder.
Grinder is lightly wounded.
Grinder hits you.
* * * LOW HITPOINT WARNING * * *
You writhe in agony.
* * * LOW HITPOINT WARNING * * *
Grinder gestures at you. Pain shoots through your body!
* * * LOW HITPOINT WARNING * * *
Grinder hits you.
You die...

#.# #.# #.# #.# #.# #.#
##### #.#
..#####.$.###########.#
.......5@.............#
######...#############
#####


You could see Grinder.

Vanquished Creatures
  4 adders
  2 worms (D:2)
  5 giant cockroaches
  4 goblins
  6 hobgoblins
  4 jackals (D:1)
  A ball python (D:2)
  4 bats
  2 frilled lizards (D:1)
  5 kobolds
  A rat (D:1)
38 creatures vanquished.

Notes
Turn   | Place    | Note
-------+----------+-------------------------------------------
     0 | D:1      | froobite the Minotaur Berserker began the quest for the Orb.
     0 | D:1      | Reached XP level 1. HP: 19/19 MP: 0/0
   249 | D:1      | Reached XP level 2. HP: 18/27 MP: 1/1
   865 | D:2      | Reached XP level 3. HP: 34/34 MP: 2/2
   921 | D:2      | Found an iron altar of Okawaru.
   958 | D:2      | Reached ** piety under Trog
  1295 | D:2      | Found a burning altar of Makhleb.
  1495 | D:3      | Reached XP level 4. HP: 38/41 MP: 3/3
  1563 | D:3      | Noticed Grinder
  1574 | D:3      | Paralysed by Grinder for 4 turns
  1582 | D:3      | Slain by Grinder

Skill      XL: |  1  2 |
---------------+-------+-----
Fighting       | 4 |  4.6
Long Blades    | 4 |  4.6
Armour         | |  2.8
Dodging        | |  2.8
Stealth        | |  0.3

Action                   |  1- 3 |  4- 6 || total
-------------------------+-------+-------++-------
Melee: Falchion          |    72 |    11 ||    83
       Unarmed           |     6 |       ||     6
       Headbutt          |    10 |     1 ||    11
Invok: Trog's Hand       |     1 |       ||     1
  Use: Scroll            |     4 |       ||     4
  Eat: Chunk             |     2 |       ||     2
Armor: Animal skin       |     5 |       ||     5
       Leather armour    |     4 |     1 ||     5
Dodge: Dodged            |    59 |     6 ||    65
       Rpst.: Falchion   |    11 |     3 ||    14
